 Dungeon Crawl Stone Soup version 0.17-a0-1504-gb7d9117 (webtiles) character file.

2767 Chiseanne the Grasshopper (level 9, 0/67 HPs)
             Began as a Demonspawn Warper on July 9, 2015.
             Was an Initiate of Gozag.
             Slain by an orc warrior
             ... wielding a +0 hand axe
              (13 damage)
             ... on level 7 of the Dungeon.
             The game lasted 00:22:21 (7236 turns).

Chiseanne the Grasshopper (Demonspawn Warper)       Turns: 7236, Time: 00:22:21

Health: 0/67       AC:  9    Str: 15    XL:     9   Next: 42%
Magic:  17/18      EV: 12    Int: 15    God:    Gozag
Gold:   155        SH:  0    Dex: 14    Spells: 4 memorised, 11 levels left

rFire  . . .     SeeInvis .     a - +3 hand axe (freeze)
rCold  . . .     Clarity  .     g - +1 ring mail
rNeg   . . .     SustAt   .     (no shield)
rPois  +         Gourm    .     (no helmet)
rElec  .         Spirit   .     t - +0 cloak
rCorr  .         Warding  .     (no gloves)
rMut   .         Stasis   .     (no boots)
MR     .....                    (no amulet)
Stlth  +.........               j - +2 ring of strength
                                C - ring of poison resistance

@: very slightly contaminated, not resistant to hostile enchantments, very
unstealthy
A: icy blue scales 1, powered by pain 1, spiny 1
a: Potion Petition, Call Merchant, Bribe Branch, Renounce Religion


You were on level 7 of the Dungeon.
You worshipped Gozag.
Gozag was noncommittal.
You were full.

You visited 2 branches of the dungeon, and saw 8 of its levels.
You also visited: Sewer.

You collected 283 gold pieces.
You paid 128 gold pieces to Gozag.

Inventory:

Hand weapons
 a - a +3 hand axe of freezing (weapon)
 u - a +0 war axe
 w - a +0 blowgun
 x - a +4 shortbow
 F - a +0 battleaxe
Missiles
 m - 60 sling bullets
 n - 22 poisoned needles
 q - 159 arrows
 r - 5 tomahawks (quivered)
 y - 13 arrows of flame
Armour
 g - a +1 ring mail (worn)
 t - a +0 cloak (worn)
Jewellery
 h - an uncursed ring of flight
 j - a +2 ring of strength (right hand)
 C - a ring of poison resistance (left hand)
Scrolls
 b - a scroll of enchant weapon
 d - 2 scrolls of blinking
 l - 2 scrolls of fear
 o - a scroll of remove curse
 p - 3 scrolls of identify
Potions
 e - a potion of mutation
 z - a potion of ambrosia {unknown}
 D - a potion of cancellation
Books
 c - a book of Spatial Translocations

   Spells                             Type                      Level
   a - Apportation                    Translocation                1
   b - Blink                          Translocation                2
   c - Shroud of Golubria             Charms/Translocation         2
   d - Portal Projectile              Translocation                3
   e - Teleport Other                 Translocation                3
   f - Passage of Golubria            Translocation                4
Comestibles
 f - 5 bread rations
 v - a meat ration


   Skills:
 + Level 4.8 Fighting
 - Level 1.7 Axes
 - Level 0.8 Throwing
 * Level 5.9 Armour
 + Level 4.2 Dodging
 * Level 6.3 Spellcasting
 * Level 6.7 Translocations


You had 11 spell levels left.
You knew the following spells:

 Your Spells              Type           Power        Failure   Level  Hunger
a - Apportation           Tloc           ###.......   1%          1    None
b - Blink                 Tloc           N/A          2%          2    #......
c - Shroud of Golubria    Chrm/Tloc      ##........   12%         2    #......
d - Passage of Golubria   Tloc           N/A          17%         4    ####...


Dungeon Overview and Level Annotations

Branches:
Dungeon (7/15)             Temple (1/1) D:5

Altars:
Cheibriados
Dithmenos
Elyvilon
Fedhas
Gozag
Kikubaaqudgha
Makhleb
Nemelex Xobeh
Okawaru
Qazlal
Ru
Trog
Vehumet
Xom
Yredelemnul
Zin
The Shining One

Annotations:
D:7 Prince Ribbit


Innate Abilities, Weirdness & Mutations

You are partially covered in icy blue scales (AC +1).
You sometimes gain a little power by taking damage.
You are partially covered in sharp spines.


Message History

Confirm with . or Enter, or press ? or * to list all spells.
Space distorts slightly along a thin shroud covering your body.
The orc warrior hits you but does no damage.
You hit the orc warrior. You freeze the orc warrior.
The orc warrior is heavily wounded.
The orc warrior is struck by your spines.
The orc warrior hits you but does no damage.
You barely miss the orc warrior.
The orc warrior is heavily wounded.
The orc warrior is struck by your spines.
The orc warrior barely misses you.
You closely miss the orc warrior.
The orc warrior is severely wounded.
Your shroud begins to fray at the edges.
Your shroud bends the orc warrior's attack away.
You hit the orc warrior but do no damage.
The orc warrior is severely wounded.
The orc warrior hits you with a hand axe!
You die...
Your body crumbles into a pile of gold.

.........>.....##...#
..#..........#####.##
..#..#####.### ##.#
###.## #..# #..#
##.)#####..# #.##
...††.<....# ##.#
#..#####...#####..#
#.####........##o##
#.###...#####.##@#
........# #..#
..##....# #.##
.##..#.## #. . #.####
.. . #. ... . #. ...
. .. .... ##


You could see an orc warrior.

Vanquished Creatures
  Grinder (D:3)
  Sigmund (D:3)
  A water moccasin (D:6)
  2 ogres (D:6)
  A black bear (D:6)
  4 centaurs
  4 giant frogs
  2 scorpions
  6 killer bees (D:7)
  9 wights (D:6)
  2 crimson imps
  A hound (D:6)
  A jelly (D:6)
  Crazy Yiuf (D:3)
  An orc priest (D:4)
  Ijyb (D:3)
  A worker ant (D:6)
  3 orc wizards
  Natasha (thrice) (D:4)
  An iguana (D:6)
  A worker ant zombie (D:5)
  A gnoll (D:1)
  A river rat (D:3)
  12 adders
  A shadow imp (D:6)
  7 oozes (Sewer)
  An adder skeleton (D:7)
  2 worms (D:3)
  13 orcs
  11 bats
  A bat zombie (D:7)
  20 giant cockroaches
  11 hobgoblins
  12 jackals
  10 kobolds
  2 quokkas
  13 ball pythons (Sewer)
  13 giant geckos
  16 giant newts
  7 goblins
  19 rats
  A spectral orc (D:2)
221 creatures vanquished.

Notes
Turn   | Place    | Note
--------------------------------------------------------------
     0 | D:1      | Chiseanne the Demonspawn Warper began the quest for the Orb.
     0 | D:1      | Reached XP level 1. HP: 16/16 MP: 3/3
   346 | D:1      | Gained mutation: You are partially covered in icy blue scales (AC +1). [demonic ancestry]
   346 | D:1      | Reached XP level 2. HP: 19/22 MP: 5/5
   600 | D:1      | Reached skill level 3 in Translocations
   824 | D:1      | Reached skill level 1 in Armour
   924 | D:1      | Reached XP level 3. HP: 27/27 MP: 6/6
  1692 | D:2      | Learned a level 2 spell: Blink
  1695 | D:2      | Learned a level 2 spell: Shroud of Golubria
  1855 | D:2      | Found a basalt altar of Yredelemnul.
  2061 | D:2      | Reached XP level 4. HP: 34/34 MP: 8/8
  2232 | D:3      | Noticed Sigmund
  2235 | D:3      | Found a shadowy altar of Dithmenos.
  2236 | D:3      | Found a glowing silver altar of Zin.
  2444 | D:3      | Noticed Grinder
  2455 | D:3      | Paralysed by Grinder for 7 turns
  2468 | D:3      | Paralysed by Grinder for 4 turns
  2476 | D:3      | Paralysed by Grinder for 2 turns
  2481 | D:3      | Paralysed by Grinder for 7 turns
  2515 | D:3      | Killed Grinder
  2515 | D:3      | Reached XP level 5. HP: 30/41 MP: 7/10
  2515 | D:3      | Gained mutation: You are partially covered in sharp spines. [demonic ancestry]
  2515 | D:3      | Reached XP level 6. HP: 34/47 MP: 7/11
  2574 | D:3      | Noticed Ijyb
  2585 | D:3      | Killed Ijyb
  2694 | D:3      | Killed Sigmund
  2694 | D:3      | Reached skill level 4 in Translocations
  2811 | D:3      | Found a glowing drain.
  2817 | Sewer    | Entered a sewer
  2998 | Sewer    | Reached XP level 7. HP: 52/52 MP: 13/13
  3336 | D:3      | Noticed Crazy Yiuf
  3344 | D:3      | Killed Crazy Yiuf
  3807 | D:4      | Noticed Natasha
  3810 | D:4      | Killed Natasha
  4030 | D:4      | Learned a level 4 spell: Passage of Golubria
  4055 | D:4      | Noticed Natasha
  4061 | D:4      | Killed Natasha
  4338 | D:4      | Noticed Natasha
  4340 | D:4      | Killed Natasha
  4340 | D:4      | Reached skill level 5 in Translocations
  4726 | D:5      | Entered Level 5 of the Dungeon
  4817 | D:5      | Reached XP level 8. HP: 29/60 MP: 14/14
  4966 | D:5      | Found a sacrificial altar of Ru.
  5354 | D:5      | Found a staircase to the Ecumenical Temple.
  5371 | Temple   | Entered the Ecumenical Temple
  5718 | D:6      | Reached skill level 5 in Spellcasting
  5802 | D:6      | Reached skill level 5 in Armour
  6197 | D:6      | Found a bloodstained altar of Trog.
  6253 | D:6      | Reached skill level 6 in Translocations
  6313 | D:6      | Gained mutation: You sometimes gain a little power by taking damage. [demonic ancestry]
  6313 | D:6      | Reached XP level 9. HP: 8/66 MP: 17/17
  6709 | D:6      | HP: 1/66 [scorpion (7)]
  7115 | D:7      | Found an opulent altar of Gozag.
  7130 | D:7      | Became a worshipper of Gozag Ym Sagoz the Greedy
  7200 | D:7      | Noticed Prince Ribbit
  7236 | D:7      | Slain by an orc warrior

Vault maps used:
D:1:      co_arrival_hexagon_in_a_hexagon
D:2:      yredelemnul_forgotten_temple_becter, guppyfry_early_orc_mine
D:3:      gammafunk_temple_overflow_statue, gup_sewer_entry_bubbles, uniq_iyjb,
          uniq_sigmund, uniq_grinder, uniq_crazy_yiuf_cottage
D:4:      uniq_natasha
D:5:      kennysheep_mini, minmay_temple_entry_nine_rooms, first_bread
D:6:      lemuel_round_altar
D:7:      lemuel_ice_spiral_2, grunt_gozag_breadcrumbs, uniq_prince_ribbit1
Temple:   triangle_lava_temple_11
Sewer:    sewer_frog_island_02

Action                   |  1- 3 |  4- 6 |  7- 9 || total
-------------------------+-------+-------+-------++-------
Melee: Hand axe          |   142 |   121 |   266 ||   529
       Quarterstaff      |       |       |     3 ||     3
Throw: Tomahawk          |     7 |     4 |    10 ||    21
 Cast: Apportation       |       |     3 |     9 ||    12
       Shroud of Golubri |       |     2 |     1 ||     3
       Passage of Golubr |       |       |     1 ||     1
  Use: Scroll            |     8 |     6 |     8 ||    22
       Potion            |       |     5 |     2 ||     7
  Eat: Chunk             |     4 |     3 |     5 ||    12
       Fruit             |       |       |     4 ||     4
       Beef jerky        |       |       |     2 ||     2
       Pizza             |       |       |     3 ||     3
       Bread ration      |       |       |     1 ||     1
